[Event "Team 45 45 League T75"]
[Site "Internet Chess Club"]
[Date "2018.01.08"]
[Round "3"]
[White "nidusin2"]
[Black "UrsaMajor"]
[Result "0-1"]
[WhiteElo "1503"]
[BlackElo "1503"]
[Opening "Queen's pawn: London system"]
[ECO "A45"]
[Time "07:32:25"]
[TimeControl "2700+45"]

1. d4 Nf6 2. Bf4 g6 3. c4 Bg7 4. Nc3 d6 5. Nf3 O-O 6. e3 Re8 7. Bd3 Bg4 8. h3
Bxf3 9. Qxf3 c6 10. h4 e5 11. Bg5 exd4 12. Ne4 Nbd7 13. Nxf6+ Nxf6 14. O-O-O
dxe3 15. h5 Re6 16. hxg6 fxg6 17. Qh3 Kf7 18. fxe3 Qa5 19. Bxf6 Rxf6 20. Qd7+
Kg8 21. Qxb7 Raf8 22. Bc2 Qb6 23. Qxb6 axb6 24. Be4 Rf2 25. Bxc6 Bxb2+ 26. Kb1
Be5 27. a4 Rb2+ 28. Kc1 Rff2 29. Bd5+ Kg7 30. Be4 Ra2 31. Bb1 Ra1 32. Rd2 Rxb1+
{White resigns} 0-1

[Event "Team 45 45 League T75"]
[Site "Internet Chess Club"]
[Date "2018.01.06"]
[Round "3"]
[White "Kingofknights"]
[Black "Gilguli"]
[Result "0-1"]
[WhiteElo "1430"]
[BlackElo "1336"]
[Opening "QGA: 3.Nf3"]
[ECO "D21"]
[Time "09:02:16"]
[TimeControl "2700+45"]

1. d4 d5 2. c4 dxc4 3. Nf3 c6 4. e4 b5 5. Nc3 Bg4 6. h3 Bh5 7. Be3 Nf6 8. Be2 e6
9. e5 Nd5 10. O-O Bb4 11. Ne4 O-O 12. Bg5 Qc7 13. a3 Ba5 14. Nfd2 Bg6 15. Nd6
Nd7 16. N2e4 h6 17. Be3 N7b6 18. Bh5 Bh7 19. Qf3 f6 20. Qg4 f5 21. Qg3 fxe4 22.
Bxh6 c3 23. b4 Nxb4 24. axb4 Bxb4 25. Be3 Bxd6 26. exd6 Qd7 27. Bf4 Nd5 28. Be5
b4 29. Bd1 Qf7 30. Bb3 Qg6 31. Ra6 Qxg3 32. Bxg3 e3 33. fxe3 Rxf1+ 34. Kxf1 Bd3+
35. Ke1 Bxa6 {White resigns} 0-1

[Event "Team 45 45 League T75"]
[Site "Internet Chess Club"]
[Date "2018.01.06"]
[Round "3"]
[White "bardu"]
[Black "smsxman"]
[Result "1/2-1/2"]
[WhiteElo "1365"]
[BlackElo "1291"]
[Opening "QGD: 6.Nf3"]
[ECO "D55"]
[Time "11:05:23"]
[TimeControl "2700+45"]

1. d4 d5 2. c4 Nf6 3. Nc3 e6 4. Bg5 Be7 5. e3 O-O 6. Nf3 Ne4 7. Bxe7 Qxe7 8.
cxd5 Nxc3 9. bxc3 exd5 10. Qb3 c6 11. Bd3 b6 12. c4 Ba6 13. cxd5 Bxd3 14. Qxd3
cxd5 15. O-O Nd7 16. Qf5 Nf6 17. Ne5 g6 18. Qg5 Qe6 19. Rac1 Rac8 20. Rfe1 Rxc1
21. Rxc1 Rc8 22. Rxc8+ Qxc8 23. h3 Ne4 24. Qe7 Qf5 25. Nf3 a5 26. Qd8+ Kg7 27.
Qxb6 Qc8 28. Qxa5 Qc1+ 29. Kh2 Nxf2 30. Qxd5 Qxe3 31. Qe5+ Qxe5+ 32. Nxe5 Kf6
33. Kg3 Nd1 34. Kf4 g5+ 35. Kf3 Ke6 36. a3 f5 37. Ke2 Nc3+ 38. Kd3 Nd5 39. Kc4
Ne3+ 40. Kc5 Nxg2 41. a4 g4 42. hxg4 Ne3 43. gxf5+ Nxf5 44. a5 Ne7 45. a6 Nc8
46. Kc6 h5 47. Nf3 Ke7 48. Kc7 Na7 49. d5 Ke8 50. d6 Nb5+ 51. Kc6 Na7+ 52. Kc5
Kd7 53. Ne5+ Kd8 54. d7 h4 55. Kd6 Nb5+ 56. Kc6 Na7+ 57. Kb7 h3 58. Nf3 Nb5 59.
Kb6 Nc7 60. a7 Kxd7 61. Kb7 Kd8 62. Nh2 Kd7 63. Nf3 Kd8 64. Nh2 Kd7 65. Nf3 Kd8
66. Nh2 Kd7 {Game drawn by repetition} 1/2-1/2

[Event "Team 45 45 League T75"]
[Site "Internet Chess Club"]
[Date "2018.01.08"]
[Round "3"]
[White "stantheman59"]
[Black "tamky70"]
[Result "0-1"]
[WhiteElo "1192"]
[BlackElo "1297"]
[Opening "Queen's pawn game"]
[ECO "A45"]
[Time "19:01:56"]
[TimeControl "2700+45"]

1. d4 Nf6 2. c3 d5 3. g3 Nbd7 4. Bg2 c6 5. Bg5 Nb6 6. Bxf6 exf6 7. e3 Bd6 8. b3
O-O 9. Bh3 Be6 10. Bxe6 fxe6 11. Nf3 Nc8 12. O-O Ne7 13. b4 Ng6 14. Nbd2 e5 15.
Re1 e4 16. Nh4 Nxh4 17. gxh4 f5 18. h5 Qg5+ 19. Kf1 Qh4 20. Ke2 Qxh5+ 21. Kf1
Qxh2 22. Ke2 f4 23. exf4 Rf7 24. Rh1 Qxf4 25. Kf1 Qxf2# {White checkmated} 0-1

[Event "Team 45 45 League T75"]
[Site "Internet Chess Club"]
[Date "2018.01.04"]
[Round "3"]
[White "RonaldoR"]
[Black "Constrictor"]
[Result "1-0"]
[WhiteElo "1591"]
[BlackElo "1538"]
[Opening "Alekhine's defense: Balogh variation"]
[ECO "B03"]
[Time "17:00:46"]
[TimeControl "2700+45"]

1. e4 Nf6 2. e5 Nd5 3. d4 d6 4. Bc4 Nb6 5. Bb3 dxe5 6. Qh5 e6 7. dxe5 a5 8. a4
Nc6 9. Nf3 Nd4 10. Nxd4 Qxd4 11. O-O g6 12. Rd1 Qxf2+ 13. Kxf2 Bc5+ 14. Be3
Bxe3+ 15. Kxe3 gxh5 16. Nc3 Bd7 17. Rd2 Rg8 18. Ne4 O-O-O 19. Rf2 Bc6 20. Rxf7
Bd5 21. g3 Bxb3 22. cxb3 Nd5+ 23. Ke2 h4 24. Rxh7 hxg3 25. hxg3 Rdf8 26. Rc1 Rf5
27. Nd6+ Kb8 28. Nxf5 exf5 29. Kf3 Re8 30. Rc5 Rxe5 31. Kf2 f4 32. gxf4 Nxf4 33.
Rcxc7 b6 34. Rcf7 Nd3+ 35. Kf3 Re8 36. Rb7+ Kc8 37. Rxb6 Ne5+ 38. Kg2 Nd3 39.
Rhb7 Nf4+ 40. Kf3 Nd5 41. Rb8+ Kd7 42. Rxe8 Nxb6 43. Re5 Kc6 44. Re6+ Kc5 45.
Rxb6 Kxb6 46. Ke4 Kc5 47. Kd3 Kd5 48. Kc3 Kc5 49. b4+ axb4+ 50. Kb3 Kb6 51. Kxb4
Ka6 52. Kc5 Ka5 53. b3 Ka6 54. b4 Kb7 55. a5 Ka6 56. Kc6 Ka7 57. a6 Kb8 58. a7+
Kxa7 59. b5 Kb8 60. Kb6 Ka8 61. Kc7 Ka7 62. b6+ Ka8 63. b7+ Ka7 64. b8=Q+ {Black
resigns} 1-0

[Event "Team 45 45 League T75"]
[Site "Internet Chess Club"]
[Date "2018.01.06"]
[Round "3"]
[White "crazyhorses"]
[Black "liujf"]
[Result "0-1"]
[WhiteElo "1358"]
[BlackElo "1491"]
[Opening "Ruy Lopez: Anderssen variation"]
[ECO "C77"]
[Time "15:32:41"]
[TimeControl "2700+45"]

1. e4 e5 2. Nf3 Nc6 3. Bb5 a6 4. Ba4 Nf6 5. d3 b5 6. Bb3 Bc5 7. c3 d6 8. O-O O-O
9. Nbd2 Be6 10. Bc2 d5 11. Ng5 Bg4 12. Ngf3 dxe4 13. dxe4 Re8 14. h3 Bh5 15. Qe2
Qe7 16. Re1 Rad8 17. Nf1 h6 18. Ng3 Bg6 19. Nh4 Bh7 20. Nhf5 Qe6 21. a4 Rb8 22.
axb5 axb5 23. Bd3 b4 24. Bc4 Qc8 25. Bxf7+ Kxf7 26. Qc4+ Qe6 27. Qxc5 bxc3 28.
bxc3 Rb6 29. Bd2 Nxe4 30. Nxh6+ gxh6 31. Nxe4 Rb2 32. Qe3 Bxe4 33. Qxe4 Rxd2 34.
Ra6 Rd6 35. Qh7+ Kf8 36. Re3 Re7 37. Ra8+ Nd8 38. Rf3+ Rf7 39. Qh8+ Ke7 40.
Rxf7+ Qxf7 41. Qxe5+ Ne6 42. Ra7 Kd7 43. Qb5+ Ke7 44. Qe5 Rd7 45. c4 Qf4 {White
resigns} 0-1

[Event "Team 45 45 League T75"]
[Site "Internet Chess Club"]
[Date "2018.01.06"]
[Round "3"]
[White "Pawnchain"]
[Black "oldprez1"]
[Result "1/2-1/2"]
[WhiteElo "1425"]
[BlackElo "1235"]
[Opening "Pirc: classical system, 5.Be2"]
[ECO "B08"]
[Time "10:01:17"]
[TimeControl "2700+45"]

1. e4 d6 2. d4 Nf6 3. Nc3 g6 4. Nf3 Bg7 5. Be2 O-O 6. O-O Nc6 7. d5 Ne5 8. Nxe5
dxe5 9. Be3 Ne8 10. Qd2 f5 11. f3 f4 12. Bc5 b6 13. Bf2 Nd6 14. b3 {Game drawn
by mutual agreement} 1/2-1/2

[Event "Team 45 45 League T75"]
[Site "Internet Chess Club"]
[Date "2018.01.08"]
[Round "3"]
[White "PsyMar"]
[Black "QuimCatala"]
[Result "1-0"]
[WhiteElo "1291"]
[BlackElo "1189"]
[Opening "Sicilian: Pelikan, Chelyabinsk variation"]
[ECO "B33"]
[Time "12:00:24"]
[TimeControl "2700+45"]

1. e4 c5 2. Nf3 Nc6 3. d4 cxd4 4. Nxd4 Nf6 5. Nc3 e5 6. Ndb5 d6 7. Bg5 a6 8. Na3
b5 9. Nd5 Qa5+ 10. Qd2 Qxd2+ 11. Bxd2 Nxd5 12. exd5 Nd4 13. c3 Nf5 14. Nc2 Bb7
15. Bd3 Ne7 16. O-O Nxd5 17. Be4 Be7 18. Nb4 Nxb4 19. Bxb7 Rb8 20. cxb4 Rxb7 21.
Rac1 O-O 22. Rc6 Ra7 23. Be3 Raa8 24. b3 d5 25. Bc5 Bxc5 26. bxc5 d4 27. Re1 f6
28. f4 a5 29. fxe5 fxe5 30. Rxe5 d3 31. Rd6 Rfd8 32. Red5 Rac8 33. Rxd8+ Rxd8
34. Rxd8+ Kf7 35. Rxd3 Ke6 36. Kf2 Ke5 37. c6 Ke4 38. Ke2 g5 39. c7 {Black
resigns} 1-0

[Event "Team 45 45 League T75"]
[Site "Internet Chess Club"]
[Date "2018.01.08"]
[Round "3"]
[White "drsigmund1"]
[Black "az2112"]
[Result "1-0"]
[WhiteElo "1459"]
[BlackElo "1600"]
[Opening "Queen's pawn: London system"]
[ECO "A45"]
[Time "15:00:27"]
[TimeControl "2700+45"]

1. d4 Nf6 2. Bf4 g6 3. e3 Bg7 4. Nf3 d6 5. Nc3 O-O 6. e4 Nbd7 7. Qd2 Re8 8. Bh6
Bh8 9. O-O-O b6 10. h4 Bb7 11. Bd3 e5 12. d5 Nc5 13. h5 Nxh5 14. Rxh5 gxh5 15.
Rh1 Nxd3+ 16. Qxd3 Bc8 17. Rxh5 f6 18. Nh4 Kf7 19. Nf5 Bxf5 20. Rxf5 Rg8 21. Qh3
Rg6 22. g4 Qg8 23. g5 Ke7 24. Nb5 c6 25. Nc3 c5 26. Nb5 fxg5 27. Nc7 Re8 28.
Nxe8 Kxe8 29. Rf8+ Qxf8 30. Bxf8 Kxf8 31. Qxh7 Rg7 32. Qf5+ Rf7 33. Qxg5 Bf6 34.
Qh6+ Ke7 35. Kd1 Rg7 36. Ke2 Kf7 37. Qh5+ Rg6 38. Qf5 Rg7 39. Qd7+ Kg6 40. Qxd6
Kh7 41. Qxf6 {Black resigns} 1-0

[Event "Team 45 45 League T75"]
[Site "Internet Chess Club"]
[Date "2018.01.08"]
[Round "3"]
[White "joaoazm"]
[Black "Andaluz"]
[Result "1-0"]
[WhiteElo "1425"]
[BlackElo "1283"]
[Opening "Queen's pawn game, Darooha variation "]
[ECO "D02"]
[Time "10:00:40"]
[TimeControl "2700+45"]

1. Nf3 d5 2. d4 Nf6 3. c4 Bf5 4. cxd5 Nxd5 5. Nbd2 e6 6. e4 Bg6 7. exd5 Qxd5 8.
Bc4 Qd8 9. O-O h6 10. Ne5 Bf5 11. Qf3 c6 12. Nxf7 Kxf7 13. Qxf5+ {Black resigns}
1-0

[Event "Team 45 45 League T75"]
[Site "Internet Chess Club"]
[Date "2018.01.06"]
[Round "3"]
[White "Brazuka"]
[Black "jmd1490"]
[Result "0-1"]
[WhiteElo "1061"]
[BlackElo "1281"]
[Opening "Ruy Lopez: old Steinitz defense"]
[ECO "C62"]
[Time "12:01:10"]
[TimeControl "2700+45"]

1. e4 e5 2. Nf3 Nc6 3. Bb5 d6 4. Bxc6+ bxc6 5. O-O Nf6 6. d3 h6 7. c4 Bd7 8. Nc3
Be7 9. b4 a6 10. a4 O-O 11. h3 Rb8 12. Rb1 Qe8 13. Be3 Kh8 14. Ne2 c5 15. b5
axb5 16. axb5 Qd8 17. Ng3 Qc8 18. Nf5 Bxf5 19. exf5 Qxf5 20. Nh4 Qe6 21. Rc1
Rfd8 22. g4 g5 23. Nf5 Ng8 24. Nxe7 Qxe7 25. Kg2 Nf6 26. f3 d5 27. Qb3 dxc4 28.
Qxc4 Nd5 29. Kf2 Nxe3 30. Kxe3 Qd6 31. Rfd1 Rbc8 32. Qxf7 Qd4+ 33. Ke2 Rf8 34.
Qh5 Rf6 35. Rc4 Qd5 36. Re4 Rcf8 37. f4 exf4 38. Rf1 Qa2+ 39. Kf3 Qh2 40. Rf2
Qh1+ 41. Ke2 c4 42. Rf1 cxd3+ {White resigns} 0-1

[Event "Team 45 45 League T75"]
[Site "Internet Chess Club"]
[Date "2018.01.06"]
[Round "3"]
[White "Conjurer"]
[Black "olivermx"]
[Result "1-0"]
[WhiteElo "1292"]
[BlackElo "1273"]
[Opening "Queen's pawn, Mason variation, Steinitz counter-gambit"]
[ECO "D00"]
[Time "11:29:16"]
[TimeControl "2700+45"]

1. d4 d5 2. Bf4 c5 3. Nf3 Nf6 4. e3 cxd4 5. Nxd4 e6 6. Nb5 Bb4+ 7. c3 Ba5 8.
Nd6+ Ke7 9. Qb3 Qd7 10. Nxc8+ Qxc8 11. Qa3+ Ke8 12. Bb5+ Nc6 13. Bxc6+ Qxc6 14.
Qxa5 {Black resigns} 1-0

[Event "Team 45 45 League T75"]
[Site "Internet Chess Club"]
[Date "2018.01.06"]
[Round "3"]
[White "seattleblues"]
[Black "g8wrb"]
[Result "0-1"]
[WhiteElo "1368"]
[BlackElo "1252"]
[Opening "Queen's pawn"]
[ECO "E12"]
[Time "06:04:03"]
[TimeControl "2700+45"]

1. d4 e6 2. Nf3 b6 3. c4 Bb7 4. Nc3 Nf6 5. Bf4 Bd6 6. Ne5 O-O 7. e3 c5 8. dxc5
Bxc5 9. Qc2 Nc6 10. Nxc6 Bxc6 11. a3 Rc8 12. b4 Be7 13. f3 d5 14. Rd1 Qd7 15.
Be2 Rfe8 16. O-O Qb7 17. Qa2 Red8 18. cxd5 Nxd5 19. Nxd5 Bxd5 20. Qb1 Rc3 21. e4
Bc4 22. Rxd8+ Bxd8 23. Bxc4 Rxc4 24. Qd3 Qc8 25. Rd1 Bf6 26. e5 Be7 27. Bg5 f6
28. exf6 gxf6 29. Be3 Rc7 30. Qb3 Rc3 31. Qa2 Rxe3 32. Kf2 Rc3 33. Rd2 Rc6 34.
Re2 b5 35. f4 Rc4 36. g3 Qc6 37. Qb1 Qd5 38. Qe1 Qd4+ 39. Kf1 Qd3 40. Kf2 Rc2
41. Rxc2 Qxc2+ 42. Qe2 Qxe2+ 43. Kxe2 Bd8 44. g4 a5 45. bxa5 Bxa5 46. h3 Bc7 47.
Kf3 Bd6 {White resigns} 0-1

[Event "Team 45 45 League T75"]
[Site "Internet Chess Club"]
[Date "2018.01.07"]
[Round "3"]
[White "PsyMar"]
[Black "rkjulianjr"]
[Result "1-0"]
[WhiteElo "1279"]
[BlackElo "1310"]
[Opening "two knights: Max Lange attack"]
[ECO "C44"]
[Time "08:00:33"]
[TimeControl "2700+45"]

1. e4 e5 2. Nf3 Nc6 3. d4 exd4 4. Bc4 Bc5 5. O-O Nf6 6. e5 d5 7. exf6 dxc4 8.
fxg7 Rg8 9. Re1+ Be6 10. Bh6 Qf6 11. Qd2 O-O-O 12. Qg5 Be7 13. Qxf6 Bxf6 14. Ng5
Bxg5 15. Bxg5 Rd5 16. h4 Rxg7 17. Nd2 Ne5 18. Bf6 Rg6 19. Bxe5 f6 20. Bg3 Bd7
21. Nxc4 Rc5 22. Na3 f5 23. Rad1 Rg4 24. c3 dxc3 25. bxc3 Rxc3 26. Nb1 Rcc4 27.
Nd2 Rc2 28. Nf3 Bc6 29. Re7 f4 30. Ne5 Rg8 31. Nxc6 Rxc6 32. Bxf4 Rf8 33. Bg3
Rc2 34. f3 Rg8 35. a3 b6 36. Kh2 Kb8 37. Rdd7 Rf8 38. Rxc7 Rd2 39. Rb7+ Kc8 40.
Rec7+ Kd8 41. Rb8# {Black checkmated} 1-0

[Event "Team 45 45 League T75"]
[Site "Internet Chess Club"]
[Date "2018.01.07"]
[Round "3"]
[White "oldprez1"]
[Black "stantheman59"]
[Result "1-0"]
[WhiteElo "1250"]
[BlackElo "1204"]
[Opening "English opening"]
[ECO "A10"]
[Time "14:01:00"]
[TimeControl "2700+45"]

1. c4 Nc6 2. Nc3 e6 3. g3 Bb4 4. Bg2 Bxc3 5. bxc3 Nf6 6. e4 b6 7. Ne2 e5 8. O-O
d6 9. d4 Bg4 10. Qc2 Bxe2 11. Qxe2 Qd7 12. d5 Na5 13. Ba3 Qa4 14. Bb4 Nb7 15.
Qb2 a5 16. Ba3 Qxc4 17. Rfe1 Nc5 18. Bxc5 Qxc5 19. Bf1 O-O-O 20. Qe2 h5 21. Qa6+
Kb8 22. Bb5 Nxd5 23. exd5 Qxd5 24. Bd3 Qb7 25. Qxb7+ Kxb7 26. Rab1 Rhe8 27. Bc4
d5 28. Be2 g6 29. Kg2 f5 30. h4 d4 31. cxd4 exd4 32. Bd3 Rxe1 33. Rxe1 Rg8 34.
Kf3 Kc6 35. Kf4 Kc5 36. Rc1+ Kd6 37. Rc4 c5 38. Rc1 Kc6 39. Re1 Kd6 40. Bc4 Rb8
41. Re6+ Kc7 42. Rxg6 b5 43. Bd5 Rb6 44. Rg7+ Kd8 45. Rg8+ Ke7 46. Rg7+ Kf6 47.
Rf7+ Kg6 48. Rc7 c4 49. Bxc4 bxc4 50. Rxc4 Ra6 51. Rxd4 Rc6 52. a4 Kf6 53. f3
Kg6 54. Rd5 Ra6 55. Rxf5 Rf6 56. Rxf6+ Kxf6 57. g4 hxg4 58. fxg4 Kg6 59. h5+ Kh6
60. Kf5 Kg7 61. Kg5 Kh7 62. Kf6 Kh6 63. g5+ Kxh5 64. g6 Kh6 65. Kf7 {Black
resigns} 1-0

[Event "Team 45 45 League T75"]
[Site "Internet Chess Club"]
[Date "2018.01.04"]
[Round "3"]
[White "rhayder"]
[Black "vedv"]
[Result "1-0"]
[WhiteElo "1180"]
[BlackElo "967"]
[Opening "Ruy Lopez: Berlin defense, open variation"]
[ECO "C67"]
[Time "17:34:14"]
[TimeControl "2700+45"]

1. e4 e5 2. Nf3 Nc6 3. Bb5 Nf6 4. O-O Nxe4 5. Bxc6 dxc6 6. Re1 Nf6 7. Nxe5 Be7
8. d3 O-O 9. Nc3 Re8 10. a3 Bd6 11. Nc4 Rxe1+ 12. Qxe1 Bc5 13. Bg5 h6 14. Ne4
Bd4 15. Bxf6 Bxf6 16. Nxf6+ Qxf6 17. Qe5 Qg6 18. Qxc7 b5 19. Ne5 Qf6 20. Re1 a5
21. Qxc6 Qxc6 22. Nxc6 Bd7 23. Ne7+ Kh7 24. Nd5 Bc6 25. Ne7 Bb7 26. c3 b4 27. c4
bxa3 28. bxa3 Re8 29. c5 g5 30. Kf1 Ba6 31. Re3 f6 32. c6 Kg7 33. Nf5+ Kf8 34.
Rxe8+ Kxe8 35. Nxh6 Kd8 36. Ke1 Kc7 37. Kd2 Kxc6 38. Kc3 a4 39. Kd4 Kd6 40. Nf5+
Ke6 41. Ne3 f5 42. Nc4 f4 43. Ke4 Kf6 44. Nb2 Bb5 45. d4 Ke6 46. g3 fxg3 47.
hxg3 Kf6 48. Kd5 Be8 49. Kd6 Kf5 50. d5 Kg4 51. Ke7 Bb5 52. d6 Kf5 53. d7 Bxd7
54. Kxd7 g4 55. Nxa4 Ke4 56. Nc5+ Kf3 57. Nd3 Ke2 58. Ne5 Kxf2 59. Nxg4+ Kxg3
60. Ne5 Kf4 61. Kd6 Ke4 62. a4 Ke3 63. a5 Ke4 64. a6 Kd4 65. a7 Kc3 66. a8=Q Kd4
67. Qd5+ Ke3 68. Ng4+ Kf4 69. Ne5 Kg3 70. Qc4 Kf2 71. Qb3 Kg2 72. Kd5 Kf2 73.
Kd4 Ke2 74. Qa3 Kd2 75. Qa2+ Ke1 76. Kd3 Kf1 77. Ke3 Kg1 78. Kf3 Kh1 79. Qg2#
{Black checkmated} 1-0

[Event "Team 45 45 League T75"]
[Site "Internet Chess Club"]
[Date "2018.01.03"]
[Round "3"]
[White "Balderdash"]
[Black "rgadoury"]
[Result "1-0"]
[WhiteElo "1261"]
[BlackElo "1339"]
[Opening "Danish gambit"]
[ECO "C21"]
[Time "10:00:14"]
[TimeControl "2700+45"]

1. e4 e5 2. d4 exd4 3. c3 dxc3 4. Bc4 Qe7 5. Nxc3 Nc6 6. Nf3 d6 7. O-O Be6 8.
Nd5 Bxd5 9. Bxd5 O-O-O 10. Qb3 Rd7 11. Be3 Nf6 12. Bxc6 bxc6 13. Bxa7 {Black
resigns} 1-0

[Event "Team 45 45 League T75"]
[Site "Internet Chess Club"]
[Date "2018.01.06"]
[Round "3"]
[White "SeniorCitizen"]
[Black "Just-Jim"]
[Result "1-0"]
[WhiteElo "1319"]
[BlackElo "1301"]
[Opening "Lengfellner system"]
[ECO "B07"]
[Time "14:00:59"]
[TimeControl "2700+45"]

1. e4 d6 2. d4 e6 3. Nf3 Be7 4. Nc3 h6 5. Be3 Nf6 6. h3 O-O 7. Bd3 Nh7 8. Qd2
Nc6 9. e5 dxe5 10. dxe5 Ng5 11. O-O-O Nxf3 12. gxf3 Nxe5 13. Be2 b6 14. Rhg1 g5
15. f4 Qxd2+ 16. Rxd2 Ng6 17. fxg5 hxg5 18. Bxg5 Bxg5 19. Rxg5 Kg7 20. Rg3 Kh6
21. Bg4 Ba6 22. Rg1 Ne5 23. Be2 Bxe2 24. Rxe2 Nf3 25. Rg3 Nd4 26. Re1 a5 27. Kb1
a4 28. Re4 Rfd8 29. Rh4# {Black checkmated} 1-0

[Event "Team 45 45 League T75"]
[Site "Internet Chess Club"]
[Date "2018.01.04"]
[Round "3"]
[White "Ticktockman"]
[Black "oldbookseller"]
[Result "1-0"]
[WhiteElo "1139"]
[BlackElo "1016"]
[Opening "Polish (Sokolsky) opening"]
[ECO "A00"]
[Time "09:01:52"]
[TimeControl "2700+45"]

1. b4 Nf6 2. Bb2 Nd5 3. a3 e6 4. e4 Nf4 5. d3 Bd6 6. Bxg7 Rg8 7. Bb2 b6 8. g3
Nc6 9. Nd2 Bb7 10. Qf3 Qg5 11. h4 Qb5 12. d4 Qa4 13. Qb3 b5 14. Qxa4 bxa4 15. e5
Nxe5 16. Rh2 Nf3+ 17. Ngxf3 O-O-O 18. Bb5 e5 19. dxe5 Rge8 20. O-O-O Bxf3 21.
Nxf3 Be7 22. gxf4 Rg8 23. Rg1 d6 24. Rxg8 Rxg8 25. Bxa4 f6 26. Bb3 Rd8 27. exf6
Bf8 28. Rg2 Bh6 29. Ng5 Re8 30. Kd1 c5 31. Nf7 Bxf4 32. Rg4 Bh2 33. f4 c4 34.
Nxd6+ Kd7 35. Nxe8 Kxe8 36. Bxc4 {Black resigns} 1-0

[Event "Team 45 45 League T75"]
[Site "Internet Chess Club"]
[Date "2018.01.08"]
[Round "3"]
[White "Toalla"]
[Black "guyd52"]
[Result "1-0"]
[WhiteElo "1292"]
[BlackElo "1304"]
[Opening "Benko's opening"]
[ECO "A00"]
[Time "19:00:58"]
[TimeControl "2700+45"]

1. g3 e5 2. Bg2 f5 3. b3 d5 4. Bb2 Nd7 5. d4 e4 6. e3 Ngf6 7. Ne2 Bd6 8. f4 b6
9. Na3 Ba6 10. O-O h6 11. c4 c6 12. Rc1 g5 13. Re1 Qe7 14. cxd5 Nxd5 15. Nc3
Nxc3 16. Qh5+ Qf7 17. Qxf7+ Kxf7 18. Nc4 Nxa2 19. Nxd6+ Ke6 20. Rxc6 Bb5 21.
Nxb5+ Kd5 22. Rd6# {Black checkmated} 1-0

[Event "Team 45 45 League T75"]
[Site "Internet Chess Club"]
[Date "2018.01.05"]
[Round "3"]
[White "Aquaman"]
[Black "tasawyer81"]
[Result "1-0"]
[WhiteElo "1244"]
[BlackElo "1122"]
[Opening "Queen's pawn, Mason variation"]
[ECO "D00"]
[Time "19:59:31"]
[TimeControl "2700+45"]

1. d4 d5 2. Bf4 Nf6 3. e3 Bf5 4. Nf3 e6 5. c3 Bd6 6. Ne5 c6 7. Be2 Qb6 8. b4 Ne4
9. O-O O-O 10. a4 a5 11. b5 cxb5 12. Bxb5 Bxe5 13. Bxe5 Nc6 14. Bxc6 Qxc6 15.
Qc1 b5 16. f3 Nd6 17. Bxd6 Qxd6 18. axb5 Rfc8 19. Qd2 e5 20. Rd1 Qg6 21. dxe5
Bd3 22. Qxd3 Qxd3 23. Rxd3 {Black resigns} 1-0

[Event "Team 45 45 League T75"]
[Site "Internet Chess Club"]
[Date "2018.01.06"]
[Round "3"]
[White "WzeroMN"]
[Black "GiantsFan"]
[Result "1-0"]
[WhiteElo "1159"]
[BlackElo "1120"]
[Opening "Ruy Lopez: Möller defense"]
[ECO "C78"]
[Time "11:41:12"]
[TimeControl "2700+45"]

1. e4 e5 2. Nf3 Nc6 3. Bb5 a6 4. Ba4 Nf6 5. O-O Bc5 6. Bxc6 bxc6 7. d3 d6 8. h3
O-O 9. Re1 Be6 10. Be3 Bb6 11. Bxb6 cxb6 12. c4 b5 13. b3 Qb6 14. Qe2 Rfe8 15.
Qe3 Qxe3 16. Rxe3 h5 17. Nc3 Rac8 18. Re2 b4 19. Na4 Bd7 20. Nb2 c5 21. Ree1 Kh8
22. Ng5 Nh7 23. Nxf7+ Kg8 24. Nxd6 Rf8 25. Nxc8 Bxc8 26. Na4 g5 27. Nxc5 a5 28.
Na4 g4 29. hxg4 hxg4 30. Re3 Ng5 31. Rg3 Nf7 32. f3 Kh8 33. fxg4 Ng5 34. Nb2 Rf4
35. Rf1 Rxg4 36. Rxg4 Bxg4 37. Rf8+ Kg7 38. Ra8 Ne6 39. Rxa5 Kf6 40. Ra6 Kg5 41.
Rb6 Nc5 42. Rb5 Nd7 43. Rxb4 Be2 44. Kf2 Bh5 45. a4 Bf7 46. a5 Nc5 47. Rb5 Nd7
48. a6 Be8 49. a7 Nb6 50. Rxb6 Bc6 51. Rxc6 Kf4 52. a8=Q Kg4 53. Rf6 Kg5 54. Qf8
Kg4 55. Rg6+ Kh5 56. Qh6# {Black checkmated} 1-0

[Event "Team 45 45 League T75"]
[Site "Internet Chess Club"]
[Date "2018.01.07"]
[Round "3"]
[White "RobertBuice"]
[Black "Graybeard"]
[Result "1/2-1/2"]
[WhiteElo "1043"]
[BlackElo "1041"]
[Opening "QGD: Tarrasch defense"]
[ECO "D32"]
[Time "18:00:38"]
[TimeControl "2700+45"]

1. d4 d5 2. c4 e6 3. Nc3 c5 4. Nf3 Nc6 5. cxd5 exd5 6. Bg5 Be7 7. Bxe7 Ngxe7 8.
Qd3 c4 9. Qe3 O-O 10. O-O-O Ng6 11. Qg5 f6 12. Qxd5+ Kh8 13. Qxd8 Nxd8 14. e4
Bg4 15. Bxc4 Rc8 16. Bd5 Nf4 17. h3 Ne2+ 18. Kb1 Nxc3+ 19. bxc3 Rxc3 20. hxg4 a6
21. Nh4 Rf7 22. Bxf7 Nxf7 23. Rc1 Rc6 24. Rxc6 bxc6 25. Ng6+ Kg8 26. Ne7+ Kh8
27. Nxc6 h6 28. Rc1 Ng5 29. e5 Ne4 30. e6 Kg8 31. e7 Kf7 32. Rc4 Nd2+ 33. Kc2
Nxc4 34. Kc3 Nd6 35. Kb4 Nb5 36. Kc5 Nc7 37. d5 Ne8 38. d6 Ke6 39. f4 Nxd6 40.
f5+ Kd7 41. Nb8+ Kxe7 42. Nxa6 Ne4+ 43. Kc6 Kd8 44. Kb7 Nd6+ 45. Kb6 Kc8 46. a4
Nc4+ 47. Kc6 Ne3 48. a5 Nxg4 49. Nc7 Ne5+ 50. Kb6 Nc4+ 51. Kc6 Nxa5+ 52. Kd6
Nb7+ 53. Kc6 Na5+ 54. Kd6 Nb7+ 55. Kc6 Na5+ 56. Kb6 Nc4+ 57. Kc6 Na5+ {Game
drawn by repetition} 1/2-1/2